 Dungeon Crawl Stone Soup version 0.28.0-43-g3370ac3207 (webtiles) character file.

Game seed: 3579344990377511453

1189 zeram the Cutter (level 8, 0/58 HPs)
             Began as a Spriggan Fighter on Mar 6, 2022.
             Was an Initiate of Dithmenos.
             Slain by Maggie
             ... wielding a +0 long sword
              (14 damage)
             ... on level 6 of the Dungeon.
             The game lasted 00:10:07 (8815 turns).

zeram the Cutter (Spriggan Fighter)                 Turns: 8815, Time: 00:10:08

Health: 0/58       AC:  2    Str: 12    XL:     8   Next: 19%
Magic:  0/9        EV: 19    Int: 12    God:    Dithmenos [......]
Gold:   142        SH:  8    Dex: 14    Spells: 7/7 levels left

rFire   . . .      SeeInvis +   i - +1 rapier (venom)
rCold   . . .      Faith    .   c - +2 buckler
rNeg    . . .      Spirit   +   b - +0 robe
rPois   .          Reflect  .   (helmet restricted)
rElec   .          Harm     .   (no cloak)
rCorr   .          Rampage  .   (gloves unavailable)
Will    +....                   (boots unavailable)
Stlth   ..........              o - amulet of guardian spirit
HPRegen 0.19/turn               (no ring)
MPRegen 0.11/turn               (no ring)

@: berserking, very quick
A: very small, no large weapons, unfitting armour, see invisible, speed 3
a: Renounce Religion


You were on level 6 of the Dungeon.
You worshipped Dithmenos.
Dithmenos was noncommittal.
You visited 2 branches of the dungeon, and saw 7 of its levels.

You collected 226 gold pieces.
You spent 84 gold pieces at shops.

Inventory:

Hand Weapons
 a - a +0 rapier
 i - a +1 rapier of venom (weapon)
Armour
 b - a +0 robe (worn)
 c - a +2 buckler (worn)
Jewellery
 o - an amulet of guardian spirit (around neck)
 s - the ring of Hyawk {rC+ rCorr}
   (You took it off an orc on level 5 of the Dungeon)

   [ring of protection from cold]

   rC:        It protects you from cold.
   rCorr:     It protects you from acid and corrosion.
 u - an amulet of the acrobat
Wands
 l - a wand of polymorph (13)
 m - a wand of digging (8)
 t - a wand of flame (12)
Scrolls
 e - a scroll of immolation
 k - 2 scrolls of fog
Potions
 d - a potion of might
 f - 3 potions of curing
 g - a potion of haste {unknown}
 j - 3 potions of degeneration
 n - a potion of magic {unknown}
 r - a potion of brilliance {unknown}


   Skills:
 - Level 2.4 Fighting
 + Level 7.4 Short Blades
 + Level 7.1 Dodging
 + Level 6.0 Stealth
 + Level 3.8 Shields


You had 7 spell levels left.
You didn't know any spells.
Your spell library contained the following spells:

 Spells                   Type           Power      Damage    Failure   Level
 Call Canine Familiar     Summ           0%         N/A       89%         3
 Frozen Ramparts          Ice            0%         1d2       89%         3
 Portal Projectile        Hex/Tloc       0%         N/A       89%         3
 Ice Form                 Ice/Tmut       0%         N/A       100%        4
 Leda's Liquefaction      Hex/Erth       0%         N/A       100%        4
 Summon Ice Beast         Ice/Summ       0%         N/A       100%        4
 Alistair's Intoxication  Tmut/Pois      0%         N/A       100%        5
 Borgnjor's Vile Clutch   Necr/Erth      0%         N/A       100%        5
 Eringya's Noxious Bog    Tmut/Pois      0%         N/A       100%        6


Dungeon Overview and Level Annotations

Branches:
Dungeon (6/15)             Temple (1/1) D:5

Altars:
Ashenzari
Cheibriados
Dithmenos
Elyvilon
Fedhas
Hepliaklqana
Makhleb
Okawaru
Qazlal
Ru
Trog
Uskayaw
Vehumet
Wu Jian
Xom
Yredelemnul

Shops:
D:5 **

Annotations:
D:3 1 runed translucent door, cbfl8's ghost, weakling MiDe
D:6 Maggie


Innate Abilities, Weirdness & Mutations

You are very small and have problems with some larger weapons.
You are too small for most types of armour.
You have supernaturally acute eyesight. (SInv)
You cover ground extremely quickly. (Speed+++)


Message History

There is a stone staircase leading down here.
You climb downwards.
Found 10 gold pieces.
There is a stone staircase leading up here.
Maggie is nearby!
Maggie is nearby!
Maggie is nearby!
The helpless Maggie fails to defend herself.
You impale Maggie!!
Maggie is heavily wounded.
Maggie completely misses you.
You hit Maggie.
Maggie is poisoned.
Maggie is heavily wounded.
You barely miss Maggie.
Maggie is heavily wounded.
Maggie closely misses you.
You barely miss Maggie.
Maggie is heavily wounded.
Maggie misses you.
You hit Maggie.
Maggie is heavily wounded.
You block Maggie's attack.
You barely miss Maggie.
Maggie is heavily wounded.
Maggie hits you with a +0 long sword!
You hit Maggie but do no damage.
Maggie is severely wounded.
Maggie gestures at you while chanting. The bolt of fire hits you!!
Ouch! That really hurt!
* * * LOW HITPOINT WARNING * * *
A red film seems to cover your vision as you go berserk!
You feel yourself moving faster!
You feel mighty!
Maggie casts a spell.
You barely miss Maggie.
Maggie is severely wounded.
You closely miss Maggie.
Maggie is severely wounded.
Maggie hits you with a +0 long sword!
You die... ######### .$....@@# #########

You could see Maggie (poisoned).

Vanquished Creatures
  Grinder (D:4)
  A wraith (D:4)
  A black bear (D:4)
  2 necrophages
  A centaur (D:5)
  Blork the orc (D:5)
  2 scorpions
  2 orc wizards (D:4)
  2 iguanas
  A hound skeleton (D:5)
  Robin (D:2)
  4 gnolls
  4 adders
  A shadow imp (D:5)
  An ufetubus (D:4)
  A worm (D:3)
  3 dart slugs
  11 orcs
  5 endoplasms
  A giant cockroach (D:2)
  17 goblins
  8 hobgoblins
  7 jackals
  7 kobolds
  A quokka (D:2)
  9 ball pythons
  6 bats
  2 frilled lizards (D:3)
  8 rats
111 creatures vanquished.

Vanquished Creatures (others)
  7 fungi (D:1)
  2 withered plants (D:3)
9 creatures vanquished.

Grand Total: 120 creatures vanquished

Notes
Turn   | Place    | Note
-------+----------+-------------------------------------------
     0 | D:1      | zeram the Spriggan Fighter began the quest for the Orb.
     0 | D:1      | Reached XP level 1. HP: 11/11 MP: 2/2
   427 | D:2      | Reached XP level 2. HP: 13/16 MP: 3/3
   799 | D:1      | Found a faded altar of an unknown god.
  1024 | D:1      | Reached skill level 1 in Stealth
  1222 | D:1      | Reached XP level 3. HP: 11/19 MP: 4/4
  1582 | D:2      | Noticed Robin
  2127 | D:2      | Killed Robin
  2317 | D:2      | Reached XP level 4. HP: 23/23 MP: 5/5
  3216 | D:3      | Found a stormy altar of Qazlal.
  3587 | D:3      | Found a runed translucent door.
  3590 | D:3      | Noticed cbfl8's ghost (weakling MiDe)
  4803 | D:4      | Noticed Grinder
  4804 | D:4      | Noticed a scorpion
  4814 | D:4      | Paralysed by Grinder for 6 turns
  4822 | D:4      | Reached skill level 5 in Dodging
  5245 | D:4      | Noticed a necrophage
  5254 | D:4      | Killed a necrophage
  5255 | D:4      | Reached XP level 5. HP: 17/27 MP: 6/6
  5582 | D:4      | Found a shimmering altar of Xom.
  5794 | D:4      | Noticed a black bear
  5796 | D:4      | Found an ornate altar of the Wu Jian Council.
  6056 | D:4      | Killed a black bear
  6057 | D:4      | Reached skill level 5 in Short Blades
  6057 | D:4      | Reached XP level 6. HP: 3/32 MP: 7/7
  6587 | D:4      | Found a blossoming altar of Fedhas.
  6644 | D:4      | Paralysed by Grinder for 3 turns
  6650 | D:4      | Killed Grinder
  6651 | D:4      | Reached skill level 5 in Stealth
  6651 | D:4      | Reached XP level 7. HP: 23/35 MP: 8/8
  6859 | D:5      | Entered Level 5 of the Dungeon
  6880 | D:5      | Noticed a wraith
  6882 | D:5      | Noticed Blork the orc
  6891 | D:5      | Found a staircase to the Ecumenical Temple.
  6894 | Temple   | Entered the Ecumenical Temple
  7272 | Temple   | Became a worshipper of Dithmenos the Shadowed
  7704 | D:5      | Found Abiaxkuf's Specific Store.
  7704 | D:5      | Found Giosofuj's General Store.
  7721 | D:5      | Bought a scroll of identify for 24 gold pieces
  7721 | D:5      | Bought a potion of berserk rage for 60 gold pieces
  7854 | D:5      | Identified the ring of Hyawk {rC+ rCorr}
  8041 | D:4      | Killed a wraith
  8247 | D:5      | Reached XP level 8. HP: 39/39 MP: 9/9
  8330 | D:5      | Killed Blork the orc
  8346 | D:5      | Found an iron altar of Okawaru.
  8656 | D:5      | Found a burning altar of Makhleb.
  8805 | D:6      | Noticed Maggie
  8815 | D:6      | Slain by Maggie

Illustrated notes

Levels and vault maps discovered:
D:1:      lightli_arrival_flooded_house, layout_loops_ring,
          dreamdust_ecumenical_altar_grove
D:2:      layout_rooms, dk_noncrumbling_4, minmay_tromino_mix6, uniq_robin
D:3:      layout_loops_corners, nicolae_qazlal_general_emergency,
          gammafunk_ghost_grave
D:4:      layout_basic, minitemple, lemuel_coloured_pillars_altar,
          grunt_ministairs_12, uniq_grinder
D:5:      layout_cave_pools, okawaru_altar_gauntlet_db,
          makhleb_blood_cavern_becter, minmay_temple_entry_hall,
          nicolae_specific_store, grunt_ministairs_7, uniq_blork_the_orc
D:6:      layout_basic, uniq_maggie
Temple:   dpeg_chambers_temple

Skill      XL: |  1  2  3  4  5  6  7  8 |
---------------+-------------------------+-----
Stealth        | 1 2 3 5 6 |  6.0
Short Blades   | 3 4 5 7 |  7.4
Dodging        | 5 6 7 |  7.1
Shields        | 3 |  3.8
Fighting       | |  2.4

Action                   |  1- 3 |  4- 6 |  7- 9 || total
-------------------------+-------+-------+-------++-------
Melee: Rapier            |   114 |   162 |   127 ||   403
  Use: Scroll            |     5 |     5 |     6 ||    16
       Potion            |       |     1 |     4 ||     5
 Stab: Sleeping          |     1 |     4 |     3 ||     8
       Distracted        |       |     2 |       ||     2
Armor: Robe              |    11 |    19 |     7 ||    37
Dodge: Dodged            |   105 |   118 |    77 ||   300
Block: Buckler           |    39 |    63 |    30 ||   132
